[Event "Titled Tuesday Blitz March 29 Late 2022"]
[White "Ozates, Tuna"]
[Black "Gulecyuz, Deniz"]
[WhiteFideId "6354521"]
[BlackFideId "30921341"]
[WhiteElo "1887"]
[BlackElo "1923"]
[Result "0-1"]
[Round "01"]
[TimeControl "180+1"]
[Date "2022.03.30"]
[WhiteClock "0:00:05"]
[BlackClock "0:00:15"]

1. d4 Nf6 2. Bg5 e6 3. Nd2 d5 4. e4 dxe4 5. Nxe4 Be7 6. Bxf6 Bxf6 7. Nf3 O-O 8. Qd2 Be7 9. O-O-O b6 10. Bd3 Bb7 11. h4 c5 12. dxc5 bxc5 13. Qc3 Qb6 14. Rh3 Qb4 15. Ne5 Qxc3 16. Nxc3 Bf6 17. f4 Bxg2 18. Rg3 Bb7 19. h5 h6 20. Rdg1 Rd8 21. Ng4 Kf8 22. Nxf6 gxf6 23. Rg8+ Ke7 24. Rxd8 Kxd8 25. Rg7 Ke7 26. Bg6 Nd7 27. Rxf7+ Kd6 28. Rh7 Rg8 29. Rxh6 Nf8 30. Nb5+ Ke7 31. Kd2 a6 32. Na3 Bd5 33. c4 Bc6 34. Nc2 Nxg6 35. hxg6 Be4 36. Rh7+ Kd6 37. Ra7 Rxg6 38. Rxa6+ Kd7 39. Ne3 Rh6 40. a3 Rh2+ 41. Kc3 Rh3 42. Kd2 Rh2+ 43. Kd1 Rxb2 44. a4 Ra2 45. a5 e5 46. fxe5 fxe5 47. Kc1 Bc6 48. Nd1 e4 49. Nc3 Ra3 50. Nb5 Ra4 51. Ra7+ Ke6 52. Nc7+ Kd6 53. a6 Rxc4+ 54. Kd2 Ra4 55. Ke3 Ra3+ 56. Kf4 e3 57. Nb5+ Bxb5 58. Ra8 Bc6 59. Rd8+ Bd7 60. Kf3 e2+ 61. Kxe2 Rxa6 62. Kd2 Rc6 63. Kc2 c4 64. Rg8 Kc7 65. Rg7 Kd6 66. Kc3 Be6 67. Rg6 Kc5 68. Rg5+ Bd5 69. Rh5 Rb6 70. Rh4 Rb3+ 71. Kc2 Rg3 72. Rh8 Kd4 73. Rh4+ Be4+ 74. Kc1 Rg2 75. Rh3 Bd3 76. Rf3 Kc3 77. Rf1 Bxf1 78. Kb1 Bd3+ 79. Ka1 Rg1+ 80. Ka2 Kb4 81. Kb2 c3+ 82. Ka2 c2 83. Kb2 c1=Q+ 84. Ka2 Qa1# 0-1


[Site "https://www.chess.com"]

[Event "Titled Tuesday Blitz March 29 Late 2022"]
[White "Paravyan, David"]
[Black "Le Goff, Ronan"]
[WhiteFideId "4194985"]
[BlackFideId "612073"]
[WhiteElo "2569"]
[BlackElo "2276"]
[Result "1-0"]
[Round "01"]
[TimeControl "180+1"]
[Date "2022.03.29"]
[WhiteClock "0:00:45"]
[BlackClock "0:00:47"]

1. e4 e5 2. Nf3 Nc6 3. Nc3 Nf6 4. d4 exd4 5. Nxd4 Nxe4 6. Nxc6 Nxc3 7. Nxd8 Nxd1 8. Nxf7 Kxf7 9. Bc4+ Kg6 10. Kxd1 c6 11. Bd3+ Kf7 12. Be3 d5 13. a4 Be7 14. a5 Bf6 15. c3 Re8 16. Kc2 g6 17. h4 h5 18. g3 Bg4 19. Rhe1 a6 20. Ra4 Re7 21. Rea1 Rae8 22. Rb4 Bc8 23. Rf4 Kg7 24. Rxf6 Kxf6 25. Bg5+ Kf7 26. Bxe7 Rxe7 27. Kd2 Kf6 28. Ra4 Bf5 29. Bf1 Re4 30. Rxe4 Bxe4 31. Ke3 Ke5 32. b4 Bf5 33. Be2 Be6 34. Bd3 Bf7 35. Bc2 Be8 36. f4+ Kd6 37. Kd4 Bf7 38. Bd3 Be8 39. f5 gxf5 40. Bxf5 Bf7 41. g4 hxg4 42. Bxg4 Be8 43. h5 Bf7 44. h6 Bg6 45. Be2 Ke6 46. Kc5 Kd7 47. Bg4+ Kc7 48. Be6 Bh7 49. Bf7 Kb8 50. Kb6 Kc8 51. Be6+ Kb8 52. Bg4 Ka8 53. Kc7 Ka7 54. Bc8 Be4 55. Bxb7 c5 56. bxc5 Bh7 57. Bc8 Be4 58. Bg4 Bh7 59. Be6 Be4 60. Bg8 1-0


[Site "https://www.chess.com"]

[Event "Titled Tuesday Blitz March 29 Late 2022"]
[White "Petrova, Irina"]
[Black "Karttunen, Mika"]
[WhiteFideId "14124122"]
[BlackFideId "502081"]
[WhiteElo "1993"]
[BlackElo "2343"]
[Result "0-1"]
[Round "01"]
[TimeControl "180+1"]
[Date "2022.03.30"]
[WhiteClock "0:00:08"]
[BlackClock "0:00:50"]

1. e4 c5 2. Nf3 d6 3. Bb5+ Bd7 4. Bxd7+ Qxd7 5. c4 Nc6 6. d4 cxd4 7. Nxd4 Nf6 8. Nc3 g6 9. f3 Bg7 10. Be3 O-O 11. O-O Rfc8 12. b3 Qd8 13. Rc1 a6 14. Qd3 Nd7 15. Nxc6 Rxc6 16. Rfd1 Rac8 17. Nd5 Nc5 18. Qe2 a5 19. Bg5 f6 20. Be3 Qe8 21. Qe1 Ra6 22. Nf4 Qf7 23. Nd3 Nxd3 24. Rxd3 a4 25. Qb4 Rc7 26. Bd4 Qe8 27. Rdd1 Qc6 28. Qb5 Bh6 29. Rb1 Qxb5 30. cxb5 Ra8 31. g3 axb3 32. axb3 Rc2 33. f4 Raa2 34. Rdc1 Rg2+ 35. Kf1 Rxh2 36. Rc8+ Kf7 37. Rc7 g5 38. f5 g4 39. Re1 Bd2 40. Re2 Rxe2 41. Kxe2 Ba5+ 0-1


[Site "https://www.chess.com"]

[Event "Titled Tuesday Blitz March 29 Late 2022"]
[White "Plotnikov, Pavel"]
[Black "Bortnyk, Olexandr"]
[WhiteFideId "4170342"]
[BlackFideId "14120828"]
[WhiteElo "2298"]
[BlackElo "2723"]
[Result "0-1"]
[Round "01"]
[TimeControl "180+1"]
[Date "2022.03.29"]
[WhiteClock "0:00:01"]
[BlackClock "0:00:10"]

1. e4 d6 2. d4 Nf6 3. Nc3 Nbd7 4. Nf3 e5 5. Bc4 Be7 6. O-O h6 7. a4 c6 8. a5 Qc7 9. h3 g5 10. dxe5 dxe5 11. Be3 Nf8 12. Nd2 Ng6 13. Nb3 g4 14. hxg4 Nxg4 15. Qf3 Bg5 16. Rad1 Nh4 17. Qg3 Nxe3 18. fxe3 f6 19. Nc5 Qxa5 20. Ne6 Bxe6 21. Bxe6 Qc5 22. Rd3 Rd8 23. Rfd1 Rxd3 24. Rxd3 Ke7 25. Qh3 Rd8 26. Bd7 Qc4 27. b3 Qf7 28. Na4 Ng6 29. Nc5 Nf8 30. Qf5 b6 31. Bxc6 bxc5 32. Bd5 Qg6 33. Qf3 Nd7 34. Qd1 Nb6 0-1


[Site "https://www.chess.com"]

[Event "Titled Tuesday Blitz March 29 Late 2022"]
[White "Pranav, V"]
[Black "Bayo Milagro, Alvaro"]
[WhiteFideId "25060783"]
[BlackFideId "22275240"]
[WhiteElo "2349"]
[BlackElo "2270"]
[Result "1-0"]
[Round "01"]
[TimeControl "180+1"]
[Date "2022.03.29"]
[WhiteClock "0:01:51"]
[BlackClock "0:01:18"]

1. e4 e5 2. Nf3 Nc6 3. Bb5 a6 4. Ba4 Nf6 5. O-O Ke7 6. Bxc6 dxc6 7. Nxe5 g6 8. d4 Bg7 9. Nc3 Re8 10. Qf3 Kf8 11. Bg5 h6 12. Be3 Kg8 13. Rad1 Qe7 14. h3 c5 15. Nc4 Nxe4 16. Nd5 Qd8 17. dxc5 Bf5 18. Ndb6 cxb6 19. Rxd8 Raxd8 20. cxb6 Rd7 21. g4 Rc8 22. b3 1-0


[Site "https://www.chess.com"]

[Event "Titled Tuesday Blitz March 29 Late 2022"]
[White "Przybylski, Wojciech"]
[Black "Boyer, Mahel"]
[WhiteFideId "1117599"]
[BlackFideId "45102422"]
[WhiteElo "2133"]
[BlackElo "2328"]
[Result "1-0"]
[Round "01"]
[TimeControl "180+1"]
[Date "2022.03.29"]
[WhiteClock "0:00:07"]
[BlackClock "0:00:12"]

1. e4 Nc6 2. Nf3 d5 3. exd5 Qxd5 4. Nc3 Qh5 5. Be2 Bg4 6. d3 O-O-O 7. Be3 e5 8. Qd2 f5 9. Bg5 Nf6 10. O-O-O Qf7 11. h3 Bh5 12. Qe1 Bb4 13. Kb1 Rhe8 14. a3 Ba5 15. Bd2 h6 16. Nh4 Nd4 17. Nf3 Nxe2 18. Nxe2 Bb6 19. Ng3 Bxf3 20. gxf3 Nd5 21. Ne2 e4 22. fxe4 fxe4 23. d4 Kb8 24. Be3 Qf3 25. Nc3 Ba5 26. b4 Nxc3+ 27. Qxc3 Bb6 28. Qb3 g5 29. c3 a5 30. Rdg1 Qe2 31. Qc2 Qc4 32. h4 axb4 33. axb4 gxh4 34. Rxh4 Rg8 35. Rgh1 Rd6 36. Rxe4 Rc6 37. Kb2 Qd5 38. Reh4 Re6 39. Rh5 Qf3 40. R5h3 Qd5 41. Qb3 Qf5 42. Rxh6 Rge8 43. Rxe6 Qxe6 44. Qxe6 Rxe6 45. Rh8+ Ka7 46. Kc2 c6 47. Kd3 Ka6 48. c4 Rf6 49. Ra8+ Ba7 50. d5 b6 51. dxc6 Rxc6 52. b5+ Kb7 53. Rxa7+ Kxa7 54. bxc6 Ka8 55. Bxb6 Kb8 56. f4 Ka8 57. f5 Kb8 58. f6 Ka8 59. f7 Kb8 1-0


[Site "https://www.chess.com"]

[Event "Titled Tuesday Blitz March 29 Late 2022"]
[White "Quintiliano Pinto, Renato R."]
[Black "Kostiukov, Alexandr"]
[WhiteFideId "2117568"]
[BlackFideId "14108100"]
[WhiteElo "2439"]
[BlackElo "2202"]
[Result "1-0"]
[Round "01"]
[TimeControl "180+1"]
[Date "2022.03.30"]
[WhiteClock "0:00:43"]
[BlackClock "0:00:11"]

1. e4 c5 2. Nf3 g6 3. d4 cxd4 4. Nxd4 Bg7 5. c4 Nc6 6. Be3 Nf6 7. Nc3 O-O 8. Be2 Nxd4 9. Bxd4 Qa5 10. O-O d6 11. a3 Be6 12. b4 Qd8 13. Rc1 a5 14. Re1 axb4 15. axb4 Ra3 16. Bf1 Nd7 17. Bxg7 Kxg7 18. Nb5 Ra2 19. Nd4 Ne5 20. Qb3 Qa8 21. Qg3 Rd2 22. Nf5+ Bxf5 23. exf5 Qa7 24. c5 Re8 25. Qf4 Qa2 26. cxd6 exd6 27. f6+ Kh8 28. Qh6 Rg8 29. Rc8 1-0


[Site "https://www.chess.com"]

[Event "Titled Tuesday Blitz March 29 Late 2022"]
[White "Rabineau, Clement"]
[Black "Mitrabha, Guha"]
[WhiteFideId "628891"]
[BlackFideId "5057000"]
[WhiteElo "2237"]
[BlackElo "2468"]
[Result "0-1"]
[Round "01"]
[TimeControl "180+1"]
[Date "2022.03.30"]
[WhiteClock "0:00:02"]
[BlackClock "0:02:08"]

1. e4 c6 2. d4 d5 3. f3 e6 4. Nc3 Bb4 5. Qd3 Ne7 6. Bf4 b6 7. Ne2 Ba6 8. Qe3 Nd7 9. O-O-O O-O 10. h4 Rc8 11. h5 c5 12. h6 g6 13. exd5 Nf5 14. Qf2 cxd4 15. dxe6 dxc3 16. exd7 cxb2+ 17. Kb1 Rc4 18. Nd4 Rxd4 19. Rxd4 Bxf1 20. Rxf1 Bc5 21. Rfd1 Nxd4 22. Rxd4 Qf6 23. Be3 Bxd4 24. Bxd4 Qd6 25. Bg7 Rd8 26. Qe3 Qxd7 27. Bxb2 Qd1+ 28. Bc1 Qd4 29. Qe2 a5 30. Qe7 Qb4+ 31. Ka1 Qxe7 0-1


[Site "https://www.chess.com"]

[Event "Titled Tuesday Blitz March 29 Late 2022"]
[White "Rastbod, Ali"]
[Black "Jensen, Matthew R"]
[WhiteFideId "12567477"]
[BlackFideId "2018110"]
[WhiteElo "2200"]
[BlackElo "2302"]
[Result "1-0"]
[Round "01"]
[TimeControl "180+1"]
[Date "2022.03.30"]
[WhiteClock "0:00:40"]
[BlackClock "0:00:07"]

1. c4 c6 2. g3 d5 3. Nf3 e6 4. Bg2 f5 5. O-O Nf6 6. d3 Bd6 7. Nc3 O-O 8. e4 dxe4 9. dxe4 Bc5 10. Qe2 Nbd7 11. e5 Ng4 12. h3 Nh6 13. Bxh6 gxh6 14. Rad1 Qe7 15. a3 a5 16. Na4 Ba7 17. Rd6 Bb8 18. c5 b5 19. cxb6 Bxd6 20. exd6 Qxd6 21. Rd1 Qe7 22. Ne5 Ba6 23. Nxc6 Bxe2 24. Nxe7+ Kf7 25. Rxd7 Bb5 26. Nc6+ Kf6 27. b7 Rab8 28. Nxb8 Rxb8 29. Nc5 1-0


[Site "https://www.chess.com"]

[Event "Titled Tuesday Blitz March 29 Late 2022"]
[White "Riazantsev, Alexander"]
[Black "Badelka, Olga"]
[WhiteFideId "4125029"]
[BlackFideId "13509926"]
[WhiteElo "2595"]
[BlackElo "2165"]
[Result "1/2-1/2"]
[Round "01"]
[TimeControl "180+1"]
[Date "2022.03.29"]
[WhiteClock "0:00:18"]
[BlackClock "0:00:14"]

1. d4 d5 2. Nf3 Nf6 3. c4 dxc4 4. e3 e6 5. Bxc4 a6 6. O-O c5 7. Be2 Nc6 8. dxc5 Bxc5 9. Qxd8+ Kxd8 10. a3 Ke7 11. b4 Bd6 12. Bb2 Rd8 13. Nbd2 Bd7 14. Nc4 Bc7 15. Rac1 Rac8 16. Rc2 b5 17. Ncd2 Bb8 18. Rfc1 Na7 19. Bd4 Rxc2 20. Rxc2 Rc8 21. Bc5+ Bd6 22. Bxd6+ Kxd6 23. Rxc8 Bxc8 24. Kf1 Nc6 25. Nb3 Ne5 26. Nxe5 Kxe5 27. Bf3 Nd5 28. Ke1 Nb6 29. Na5 g5 30. Kd2 f5 31. g3 Kd6 32. Kc3 e5 33. Bg2 h5 34. f4 gxf4 35. gxf4 h4 36. Bf3 Na4+ 37. Kd2 Nb6 38. Kc3 Na4+ 39. Kc2 Nb6 40. Bh1 Na4 41. Bg2 Nb6 42. Kd3 Na4 43. Bf1 Nb6 44. Bh3 Kd5 45. Bg2+ Kd6 46. Kc3 Na4+ 47. Kc2 Nb6 48. Bf1 Kd5 49. Kd3 Kd6 50. Be2 Kd5 51. Kc3 Kd6 52. Bf3 1/2-1/2


[Site "https://www.chess.com"]

[Event "Titled Tuesday Blitz March 29 Late 2022"]
[White "Riehle, Marco"]
[Black "Xiong, Jeffery"]
[WhiteFideId "12904392"]
[BlackFideId "2047640"]
[WhiteElo "2462"]
[BlackElo "2727"]
[Result "0-1"]
[Round "01"]
[TimeControl "180+1"]
[Date "2022.03.29"]
[WhiteClock "0:00:31"]
[BlackClock "0:00:19"]

1. e4 c5 2. a3 g6 3. h4 d5 4. exd5 Qxd5 5. Nc3 Qe6+ 6. Be2 Nc6 7. Nf3 Bg7 8. h5 Bd7 9. d3 Nd4 10. Be3 Bc6 11. Qd2 Bxf3 12. Bxf3 Nxf3+ 13. gxf3 Qf5 14. O-O-O Rc8 15. d4 cxd4 16. Bxd4 Bxd4 17. Qxd4 Nf6 18. Qa4+ Kf8 19. h6 Qxf3 20. Kb1 a6 21. Qb4 Qc6 22. Rhe1 Ng8 23. Nd5 Qc5 24. Qxb7 Nxh6 25. Rxe7 Qxc2+ 26. Ka2 Kg7 27. Rh1 Rb8 28. Ne3 Rxb7 29. Rxb7 Qc6 0-1


[Site "https://www.chess.com"]

[Event "Titled Tuesday Blitz March 29 Late 2022"]
[White "Riff, Vincent"]
[Black "Kaganskiy, Gleb"]
[WhiteFideId "617776"]
[BlackFideId "4132025"]
[WhiteElo "2377"]
[BlackElo "2165"]
[Result "1-0"]
[Round "01"]
[TimeControl "180+1"]
[Date "2022.03.30"]
[WhiteClock "0:01:29"]
[BlackClock "0:00:10"]

1. e4 d6 2. Nc3 e5 3. Nf3 Nf6 4. Bc4 Nbd7 5. Ng5 d5 6. exd5 Nb6 7. Bb3 Bd6 8. d3 O-O 9. O-O h6 10. Nge4 Bf5 11. Qf3 Bg6 12. Nxf6+ Qxf6 13. Qxf6 gxf6 14. Bxh6 Rfe8 15. Be3 Kg7 16. Rae1 Rh8 17. f4 exf4 18. Bxf4 Rad8 19. Ne4 Bxf4 20. Rxf4 Nxd5 21. Bxd5 Rxd5 22. Nxf6 Rf5 23. Rxf5 Bxf5 24. Nd5 c6 25. Ne3 Be6 26. b3 Rh4 27. g3 Rh5 28. Kf2 Rxh2+ 29. Kf3 a5 30. a4 Bd5+ 31. Nxd5 cxd5 32. Re2 Rh1 33. Rg2 Rf1+ 34. Ke3 Rc1 35. Kd4 Kf6 36. Kxd5 Kg5 37. Rf2 Kg4 38. c4 Kxg3 39. Rxf7 Rd1 40. d4 Rb1 41. Rxb7 Kf4 42. c5 Kf5 43. c6 Kf6 44. c7 Rc1 45. Rb6+ Ke7 46. Rc6 Kd7 47. c8=Q+ Ke7 48. Re6+ Kf7 49. Qe8+ Kg7 50. Rg6+ Kh7 51. Qg8# 1-0


[Site "https://www.chess.com"]

[Event "Titled Tuesday Blitz March 29 Late 2022"]
[White "Romero Ruscalleda, Josep"]
[Black "Nazari, Arad"]
[WhiteFideId "2231859"]
[BlackFideId "12577324"]
[WhiteElo "2301"]
[BlackElo "2120"]
[Result "1/2-1/2"]
[Round "01"]
[TimeControl "180+1"]
[Date "2022.03.30"]
[WhiteClock "0:00:29"]
[BlackClock "0:01:22"]

1. e4 c5 2. c3 d5 3. exd5 Qxd5 4. d4 Nc6 5. Nf3 Bg4 6. Be2 cxd4 7. cxd4 Nf6 8. Nc3 Qd8 9. d5 Nb8 10. h3 Bd7 11. Ne5 g6 12. O-O Bg7 13. d6 O-O 14. dxe7 Qxe7 15. Nxd7 Qxd7 16. Bf3 Nc6 17. Bf4 Nd4 18. Bxb7 Qxb7 19. Qxd4 Qxb2 20. Rab1 Qc2 21. Rfc1 Qf5 22. Be3 Rfd8 23. Qa4 Rac8 24. Nb5 Nd5 25. Bd4 Bxd4 26. Nxd4 Qe4 27. Re1 Qh4 28. Qxa7 Nc3 29. Nf3 Qc4 30. Rb7 Ra8 31. Qb6 Nd5 32. Qb3 Qxb3 33. axb3 Rdb8 34. Rxb8+ Rxb8 35. Rb1 Nc3 36. Rb2 Rb4 37. Ne1 Nd1 38. Rd2 Nc3 39. Rb2 Na4 40. Rb1 Nc5 41. Nf3 Rxb3 42. Rxb3 Nxb3 43. g3 f6 44. Kg2 Kf7 45. Ne1 Ke6 46. Kf3 Kd5 47. Nd3 Nd2+ 48. Ke3 Nc4+ 49. Kf3 Kd4 50. Nf4 Ne5+ 51. Ke2 Ke4 52. Ng2 Nf3 53. h4 Nd4+ 54. Kf1 Kf3 55. Ne1+ Ke4 56. Ng2 Nc2 57. Ke2 Nd4+ 58. Kf1 1/2-1/2


[Site "https://www.chess.com"]

[Event "Titled Tuesday Blitz March 29 Late 2022"]
[White "Ronka, Erik"]
[Black "Smirnov, Pavel"]
[WhiteFideId "505080"]
[BlackFideId "4123425"]
[WhiteElo "2264"]
[BlackElo "2545"]
[Result "0-1"]
[Round "01"]
[TimeControl "180+1"]
[Date "2022.03.29"]
[WhiteClock "0:00:06"]
[BlackClock "0:01:20"]

1. e4 e5 2. Bc4 Nc6 3. Nc3 Nf6 4. d3 Na5 5. Bb3 Nxb3 6. axb3 Bc5 7. f4 d6 8. Nf3 Ng4 9. Qe2 Bf2+ 10. Kd1 Bc5 11. Rf1 exf4 12. Bxf4 O-O 13. h3 Ne5 14. Nxe5 dxe5 15. Bxe5 f5 16. exf5 Bxf5 17. g4 Bg6 18. Rxf8+ Qxf8 19. Ne4 Bxe4 20. dxe4 Qd8+ 21. Qd3 Qe7 22. Qc4+ Kh8 23. Bc3 Qg5 24. Ra5 Rd8+ 25. Ke1 Qc1+ 26. Ke2 Qd1# 0-1


[Site "https://www.chess.com"]

[Event "Titled Tuesday Blitz March 29 Late 2022"]
[White "Rorrer, Grayson"]
[Black "Prohorov, Olexandr"]
[WhiteFideId "30944996"]
[BlackFideId "14105578"]
[WhiteElo "2122"]
[BlackElo "1993"]
[Result "0-1"]
[Round "01"]
[TimeControl "180+1"]
[Date "2022.03.30"]
[WhiteClock "0:00:02"]
[BlackClock "0:00:05"]

1. e4 c5 2. Nf3 d6 3. d4 cxd4 4. Nxd4 Nf6 5. Nc3 Nc6 6. Bg5 Qa5 7. Bxf6 gxf6 8. Qd2 Bd7 9. O-O-O Rc8 10. Nb3 Qd8 11. Kb1 a6 12. f4 h5 13. Qf2 b5 14. Nd5 e6 15. Nb6 Rb8 16. Nxd7 Qxd7 17. Be2 Qa7 18. Qf3 a5 19. e5 d5 20. exf6 a4 21. Nc1 a3 22. b3 Qc7 23. Rhe1 Rh6 24. Bf1 Kd8 25. g3 Rxf6 26. Ne2 Bg7 27. Qxh5 Ke7 28. Nc3 Rh6 29. Nxd5+ Kf8 30. Qxh6 exd5 31. Qg5 Nb4 32. c4 bxc4 33. Rc1 Nxa2 34. Qxd5 Rxb3+ 35. Kc2 Rb2+ 36. Kd1 Nb4 37. Qe4 Qd7+ 38. Bd3 Qxd3+ 39. Qxd3 Nxd3 40. Rxc4 Nxe1 41. Kxe1 a2 0-1


[Site "https://www.chess.com"]

[Event "Titled Tuesday Blitz March 29 Late 2022"]
[White "Rostovtsev, Dmitry"]
[Black "Aydin, Gulenay"]
[WhiteFideId "34278320"]
[BlackFideId "34557431"]
[WhiteElo "2751"]
[BlackElo "2434"]
[Result "1-0"]
[Round "01"]
[TimeControl "180+1"]
[Date "2022.03.30"]
[WhiteClock "0:03:01"]
[BlackClock "0:00:12"]

1. e4 c5 2. Nf3 d6 3. c3 Nf6 4. Bd3 g6 5. O-O Bg7 6. Bc2 O-O 7. d4 cxd4 8. cxd4 Nc6 9. a3 Bg4 10. Be3 Rc8 11. Nc3 a6 12. h3 Bxf3 13. Qxf3 b5 14. Rfd1 Qc7 15. Rac1 Qb8 16. Bb1 Rfd8 17. Bg5 b4 18. axb4 Qxb4 19. Bxf6 Bxf6 20. Nd5 Qxb2 21. Rc2 Nxd4 22. Nxf6+ exf6 23. Rxb2 Nxf3+ 24. gxf3 Rc6 25. Ba2 Kf8 26. Rb7 Rc3 27. Rxf7+ Ke8 28. Kg2 1-0


[Site "https://www.chess.com"]

[Event "Titled Tuesday Blitz March 29 Late 2022"]
[White "Rustemov, Alexander"]
[Black "Manelyuk, Daniil"]
[WhiteFideId "4119002"]
[BlackFideId "44173920"]
[WhiteElo "2760"]
[BlackElo "2443"]
[Result "1-0"]
[Round "01"]
[TimeControl "180+1"]
[Date "2022.03.30"]
[WhiteClock "0:00:45"]
[BlackClock "0:00:15"]

1. d4 Nf6 2. c4 c5 3. d5 b5 4. Nf3 Qa5+ 5. Bd2 b4 6. Qc2 g6 7. e4 d6 8. h3 Bg7 9. Bd3 O-O 10. O-O Nh5 11. g4 Nf6 12. Kg2 h5 13. g5 Nh7 14. a3 Nd7 15. Bf4 f6 16. gxf6 Ndxf6 17. Be3 e5 18. dxe6 Bxe6 19. Nbd2 Nd7 20. e5 Nxe5 21. Nxe5 Bxe5 22. Bxg6 Nf6 23. Bh6 Kh8 24. Bxf8 Rxf8 25. Nf3 Bf4 26. axb4 Qxb4 27. Rxa7 Qb8 28. Re7 Qc8 29. Rh1 Rg8 30. Kf1 Bxh3+ 31. Ke2 Bg2 32. Rh4 Bg5 33. Rxh5+ Nxh5 34. Rh7# 1-0


[Site "https://www.chess.com"]

[Event "Titled Tuesday Blitz March 29 Late 2022"]
[White "Rytenko, Vsevolod"]
[Black "Goltsev, Dmitry"]
[WhiteFideId "14133040"]
[BlackFideId "24176710"]
[WhiteElo "2120"]
[BlackElo "2273"]
[Result "0-1"]
[Round "01"]
[TimeControl "180+1"]
[Date "2022.03.30"]
[WhiteClock "0:00:54"]
[BlackClock "0:00:09"]

1. e3 e6 2. Nf3 d5 3. c4 c5 4. a3 Nc6 5. d4 Nf6 6. Nc3 cxd4 7. exd4 dxc4 8. Bxc4 Bd6 9. O-O O-O 10. Bg5 h6 11. Bh4 a6 12. Qe2 Be7 13. Rad1 b5 14. Ba2 Bb7 15. d5 exd5 16. Nxd5 Nxd5 17. Bxd5 Bxh4 18. Bxc6 Bxc6 19. Rxd8 Bxd8 20. Ne5 Re8 21. Qh5 Bd5 22. Rd1 Be6 23. h3 Bf6 24. Rd2 g6 25. Nxg6 fxg6 26. Qxg6+ Bg7 27. f4 Bf7 28. Qd3 Rac8 29. Qf5 Rc1+ 30. Kh2 Rce1 31. Rd7 Be6 32. Rxg7+ Kxg7 33. Qd3 Bc4 34. Qd4+ Kg8 35. f5 R1e2 36. Qg4+ Kf7 37. Qg6+ Ke7 38. f6+ Kd7 39. f7 Rf8 40. b3 Bd5 41. Qxa6 Rxg2+ 42. Kh1 Rg6+ 0-1


[Site "https://www.chess.com"]

[Event "Titled Tuesday Blitz March 29 Late 2022"]
[White "Samarth, J Rao"]
[Black "De La Colina, Nicolas"]
[WhiteFideId "46652370"]
[BlackFideId "30946921"]
[WhiteElo "1514"]
[BlackElo "2046"]
[Result "0-1"]
[Round "01"]
[TimeControl "180+1"]
[Date "2022.03.30"]
[WhiteClock "0:00:01"]
[BlackClock "0:00:04"]

1. c4 g6 2. d4 Bg7 3. e4 d6 4. Nc3 Nf6 5. f4 O-O 6. Nf3 c5 7. d5 e6 8. Be2 exd5 9. cxd5 Bg4 10. h3 Bxf3 11. Bxf3 Re8 12. O-O a6 13. a4 Nbd7 14. a5 Rc8 15. Re1 c4 16. Be3 Nc5 17. Bxc5 Rxc5 18. e5 Nd7 19. e6 Nf6 20. Qa4 Re7 21. g4 Ne8 22. Ne4 Rxd5 23. Ng5 Rxg5 24. exf7+ Kxf7 25. fxg5 Bd4+ 26. Kg2 Be5 27. Qxc4+ Kg7 28. Qd5 Qd7 29. Rac1 Rf7 30. Rcd1 Qe7 31. Rd2 Qxg5 32. Rde2 Qf4 33. Rxe5 dxe5 34. Rxe5 Nf6 35. Qc5 Nd7 36. Re4 Qxf3+ 0-1


[Site "https://www.chess.com"]

[Event "Titled Tuesday Blitz March 29 Late 2022"]
[White "Sanal, Vahap"]
[Black "Barbero Sendic, Alejandro"]
[WhiteFideId "6300545"]
[BlackFideId "3001288"]
[WhiteElo "2603"]
[BlackElo "2314"]
[Result "0-1"]
[Round "01"]
[TimeControl "180+1"]
[Date "2022.03.29"]
[WhiteClock "0:01:56"]
[BlackClock "0:01:16"]

1. e4 c5 2. Nf3 Nc6 3. d4 cxd4 4. Nxd4 e5 5. Nb5 d6 6. c4 Be6 7. Be2 Nf6 8. N1c3 a6 9. Na3 g6 10. O-O Bg7 11. Nc2 O-O 12. b3 Rc8 13. Ba3 Nd4 14. Nxd4 exd4 15. Nd5 Nxe4 16. Bf3 Bxd5 17. cxd5 Re8 18. Bb2 Nc3 19. Qd3 Qa5 20. g3 Nxd5 21. Bxd4 Nb4 22. Qd2 Bxd4 23. Qxd4 Nc2 24. Qxd6 Nxa1 25. Rxa1 Qc3 26. Qd1 Rcd8 0-1


[Site "https://www.chess.com"]

[Event "Titled Tuesday Blitz March 29 Late 2022"]
[White "Sapunov, Evgeny"]
[Black "Estrada Nieto, Julian"]
[WhiteFideId "4126661"]
[BlackFideId "5101018"]
[WhiteElo "2470"]
[BlackElo "2246"]
[Result "1-0"]
[Round "01"]
[TimeControl "180+1"]
[Date "2022.03.30"]
[WhiteClock "0:01:50"]
[BlackClock "0:00:23"]

1. c4 e5 2. Nf3 Nc6 3. Nc3 Nf6 4. e3 Bb4 5. Qc2 Bxc3 6. Qxc3 Qe7 7. a3 a5 8. d3 d5 9. cxd5 Nxd5 10. Qb3 Nb6 11. Qc2 O-O 12. b3 Bg4 13. Be2 f5 14. Bb2 Rad8 15. O-O e4 16. dxe4 fxe4 17. Nd4 Nxd4 18. Bxd4 Bxe2 19. Qxe2 Nd5 20. Rfc1 c6 21. Bc5 Qg5 22. Bxf8 Rxf8 23. Rc4 Qe5 24. Rac1 h6 25. h3 Kh8 26. Qc2 Re8 27. Rd1 Re6 28. Rdd4 Nf6 29. Rc5 Nd5 30. Rxa5 Qf5 31. Rc5 Re5 32. b4 Qg6 33. b5 Ne7 34. Rxe5 1-0


[Site "https://www.chess.com"]

[Event "Titled Tuesday Blitz March 29 Late 2022"]
[White "Shton, Roman"]
[Black "Kalavannan, Koby"]
[WhiteFideId "14137461"]
[BlackFideId "425753"]
[WhiteElo "2013"]
[BlackElo "1927"]
[Result "1-0"]
[Round "01"]
[TimeControl "180+1"]
[Date "2022.03.30"]
[WhiteClock "0:00:59"]
[BlackClock "0:00:05"]

1. d3 d5 2. d4 Nf6 3. Nf3 c5 4. c3 Qb6 5. dxc5 Qxc5 6. Bf4 Nc6 7. e3 Bg4 8. Qb3 Bxf3 9. Qxb7 Rd8 10. gxf3 e5 11. Bb5 exf4 12. Qxc6+ Qxc6 13. Bxc6+ Ke7 14. Na3 Kd6 15. Ba4 Kc7 16. Nb5+ Kb6 17. Nd4 Bc5 18. O-O-O fxe3 19. fxe3 Nd7 20. Nc6 Bxe3+ 21. Kc2 Rde8 22. Nb4 Nf6 23. Bxe8 Rxe8 24. Nxd5+ Nxd5 25. Rxd5 Bf4 26. Rf5 Re2+ 27. Kb3 g5 28. Rxf7 h5 29. h4 a5 30. hxg5 Bxg5 31. Rxh5 Bc1 32. Rf6+ Kc7 33. Rh7+ Kd8 34. Rf8+ Re8 35. Rxe8+ Kxe8 36. Rh5 a4+ 37. Kc2 Bf4 38. Rh4 Bd6 39. Rxa4 Kd7 40. Rd4 Kc6 41. a4 Bc5 42. Rd3 Ba7 43. b4 Bb8 44. a5 Kb5 45. Kb3 Bg3 46. Rd5+ Kc6 47. Rg5 Bf4 48. Rg4 Bh2 49. f4 Kd5 50. a6 Bg1 1-0


[Site "https://www.chess.com"]

[Event "Titled Tuesday Blitz March 29 Late 2022"]
[White "Sliwicki, Damian"]
[Black "Yuan, Qingyu"]
[WhiteFideId "1127128"]
[BlackFideId "8609772"]
[WhiteElo "2438"]
[BlackElo "2752"]
[Result "0-1"]
[Round "01"]
[TimeControl "180+1"]
[Date "2022.03.30"]
[WhiteClock "0:01:20"]
[BlackClock "0:02:14"]

1. e4 c6 2. Nc3 d5 3. Nf3 dxe4 4. Nxe4 Nf6 5. Nxf6+ exf6 6. d4 Bd6 7. Bd3 O-O 8. O-O Bg4 9. h3 Bh5 10. c3 Nd7 11. Re1 Re8 12. Rxe8+ Qxe8 13. g4 Bg6 14. Bxg6 hxg6 15. Be3 Nf8 16. Qb3 Qd7 17. Re1 g5 18. Kg2 Ng6 19. d5 Re8 20. dxc6 Qxc6 21. Qd1 Nh4+ 22. Kf1 Nxf3 0-1


[Site "https://www.chess.com"]

[Event "Titled Tuesday Blitz March 29 Late 2022"]
[White "Stanisz, Patryk"]
[Black "Rosen, Eric"]
[WhiteFideId "1123106"]
[BlackFideId "2032562"]
[WhiteElo "1876"]
[BlackElo "2362"]
[Result "0-1"]
[Round "01"]
[TimeControl "180+1"]
[Date "2022.03.30"]
[WhiteClock "0:00:01"]
[BlackClock "0:01:42"]

1. d4 d5 2. c4 e6 3. Nc3 Nf6 4. Nf3 a6 5. cxd5 exd5 6. Bg5 c6 7. e3 Be7 8. h3 O-O 9. Bd3 Nbd7 10. O-O Re8 11. Rb1 Nf8 12. b4 Ng6 13. a4 Bd6 14. b5 axb5 15. axb5 h6 16. bxc6 bxc6 17. Bxf6 Qxf6 18. Nh2 Nh4 19. Ng4 Qg5 20. f4 Qe7 21. Re1 Ra3 22. Rb3 Rxb3 23. Qxb3 Bxf4 24. Ne5 Bxe5 25. dxe5 Qxe5 26. Na4 Qg3 27. Qc2 Qxe1+ 28. Kh2 Rxe3 0-1


[Site "https://www.chess.com"]